 Dungeon Crawl Stone Soup version 0.21-a0-369-g397cdb2 (webtiles) character file.

158 Humpert the Sneak (level 5, 0/27 HPs)
             Began as a Spriggan Assassin on Oct 15, 2017.
             Was an Initiate of Dithmenos.
             Succumbed to a worker ant's poison
             ... on level 4 of the Dungeon.
             The game lasted 00:05:38 (3430 turns).

Humpert the Sneak (Spriggan Assassin)               Turns: 3430, Time: 00:05:38

Health: 0/27       AC:  4    Str:  7    XL:     5   Next: 16%
Magic:  6/6        EV: 19    Int: 12    God:    Dithmenos [......]
Gold:   167        SH:  0    Dex: 19    Spells: 4/4 levels left

rFire    . . .     SeeInvis +   a - +2 dagger
rCold    . . .     Gourm    .   (shield restricted)
rNeg     . . .     Faith    .   c - +0 robe
rPois    .         Spirit   .   r - +1 hat
rElec    .         Reflect  .   d - +0 cloak
rCorr    .         Harm     .   (gloves unavailable)
MR       .....                  (boots unavailable)
Stlth    ++++......             (no amulet)
HPRegen  0.09/turn              (no ring)
MPRegen  0.10/turn              (no ring)

@: lethally poisoned (0 -> -10), very quick
A: unfitting armour, see invisible, herbivore 3, speed 3, slow metabolism 2
a: Renounce Religion


You were on level 4 of the Dungeon.
You worshipped Dithmenos.
Dithmenos was noncommittal.
You were not hungry.

You visited 1 branch of the dungeon, and saw 4 of its levels.

You collected 167 gold pieces.

Inventory:

Hand Weapons
 a - a +2 dagger (weapon)
 b - a +0 blowgun
Missiles
 e - 19 poisoned needles
 f - 2 curare-tipped needles
Armour
 c - a +0 robe (worn)
 d - a +0 cloak (worn)
 r - a +1 hat (worn)
Wands
 v - a wand of polymorph (12/24)
Scrolls
 h - 3 scrolls of fog {unknown}
 j - 5 scrolls of identify {unknown}
 p - a scroll of amnesia {unknown}
 q - a scroll of remove curse {unknown}
 u - a scroll of blinking {unknown}
 x - a scroll of recharging {unknown}
 z - a scroll of enchant armour {unknown}
Potions
 i - a potion of magic {unknown}
 k - a potion of flight {unknown}
 l - a potion of haste {unknown}
 n - a potion of might {unknown}
 o - 3 potions of curing {unknown}
 s - a potion of ambrosia {unknown}
 t - 2 potions of invisibility {unknown}
 w - a potion of agility {unknown}
Books
 y - a book of Misfortune

   Spells                             Type                      Level
   a - Confusing Touch                Hexes                        1
   b - Confuse                        Hexes                        3
   c - Gell's Gravitas                Translocation                3
   d - Petrify                        Transmutation/Earth          4
   e - Metabolic Englaciation         Hexes/Ice                    5
   f - Yara's Violent Unravelling     Hexes/Transmutation          5
Comestibles
 g - a bread ration
 m - 2 royal jellies


   Skills:
 + Level 2.4 Fighting
 + Level 3.2 Short Blades
 + Level 3.0 Throwing
 + Level 3.4 Dodging
 + Level 6.8 Stealth


You had 4 spell levels left.
You didn't know any spells.

Dungeon Overview and Level Annotations

Branches:
Dungeon (4/15)
 Temple: D:4-7

Altars:
Ashenzari
Dithmenos
Fedhas
Hepliaklqana
Okawaru
Yredelemnul

Annotations:
D:4 Dowan, Duvessa


Innate Abilities, Weirdness & Mutations

You are very small and have problems with some larger weapons.
You are too small for most types of armour.
You have supernaturally acute eyesight. (SInv)
You are a herbivore.
You cover ground extremely quickly.
You need consume almost no food.


Message History

* * * LOW HITPOINT WARNING * * *
You feel sick.
Found 11 gold pieces.
* * * LOW HITPOINT WARNING * * *
You feel sick.
* * * LOW HITPOINT WARNING * * *
You feel sick.
Found a scroll labeled TETOKOLLISK.
* * * LOW HITPOINT WARNING * * *
You feel sick.
A worm comes into view.
* * * LOW HITPOINT WARNING * * *
You feel sick.
Dowan, Brother of Duvessa comes into view.
He is wielding a dagger.
* * * LOW HITPOINT WARNING * * *
You feel sick.
Duvessa, Sister of Dowan comes into view.
She is wielding a short sword.
* * * LOW HITPOINT WARNING * * *
You feel sick.
You die...

####### #.......##
#..w.....# #........
#...?.... #.......#
#..../..#########
#####...........@...#
$.>........a##....ee...
.#.#......####.###.#.##
..........# #.# #
.#......####.###.#.
##.....#?....S.... ...
#.#. #......h.........
...
#.#.##.###.####.###.##
#.. ...##.##...## .#
#.#


You could see Duvessa (sleeping), Dowan (sleeping) and a worker ant.

Vanquished Creatures
  A centaur skeleton (D:4)
  3 adders
  7 worms
  3 dart slugs
  3 leopard geckos
  7 orcs (D:3)
  A ball python (D:2)
  5 giant cockroaches
  6 goblins
  6 hobgoblins
  2 jackals (D:3)
  2 kobolds
  5 quokkas
  5 bats
  7 rats
63 creatures vanquished.

Notes
Turn   | Place    | Note
-------+----------+-------------------------------------------
     0 | D:1      | Humpert the Spriggan Assassin began the quest for the Orb.
     0 | D:1      | Reached XP level 1. HP: 10/10 MP: 2/2
   249 | D:1      | Reached skill level 6 in Stealth
   432 | D:1      | Reached XP level 2. HP: 15/15 MP: 3/3
   984 | D:2      | Reached XP level 3. HP: 18/18 MP: 4/4
  1488 | D:2      | Found a hazy altar of Hepliaklqana.
  1700 | D:2      | Found a shattered altar of Ashenzari.
  1776 | D:2      | Found a basalt altar of Yredelemnul.
  2061 | D:2      | Reached XP level 4. HP: 23/23 MP: 5/5
  2923 | D:4      | Found a shadowy altar of Dithmenos.
  2926 | D:4      | Became a worshipper of Dithmenos the Shadowed
  3052 | D:4      | Reached XP level 5. HP: 13/27 MP: 6/6
  3355 | D:4      | Found an iron altar of Okawaru.
  3397 | D:4      | Found a blossoming altar of Fedhas.
  3426 | D:4      | Noticed Dowan
  3427 | D:4      | Noticed Duvessa
  3428 | D:4      | HP: 1/27 [poisoned by a worker ant]
  3430 | D:4      | Succumbed to a worker ant's poison

Vault maps used:
D:1:      roderic_crop_circles_arrival_small, eino_curves_04
D:2:      lemuel_coloured_pillars_altar, lemuel_crystal_altar,
          evilmike_ruin_ashenzari, palyth_stone_intersect,
          minmay_close_crescents
D:4:      kiku_gazebo_pond_becter, kennysheep_little_box, lemuel_doored_altar,
          lemuel_round_altar, uniq_duvessa

Skill      XL: |  1  2  3  4 |
---------------+-------------+-----
Stealth        | 6 |  6.8
Dodging        | 2 3 |  3.4
Fighting       | 2 |  2.4
Short Blades   | 3 |  3.2
Throwing       | 3 |  3.0

Action                   |  1- 3 |  4- 6 || total
-------------------------+-------+-------++-------
Melee: Dagger            |   136 |   107 ||   243
 Fire: Blowgun           |     8 |    10 ||    18
 Stab: Sleeping          |    13 |     9 ||    22
       Distracted        |     1 |       ||     1
Armor: Robe              |    10 |     7 ||    17
Dodge: Dodged            |    92 |    68 ||   160

Table legend:
 A = Spawn XP
 B = Non-spawn XP
 C = Spawn XP percentage of total XP
 D = Spawn monster count
 E = Non-spawn monster count
 F = Spawn count percentage of total count
 G = Total turns spent on level
                    A         B        C        D         E        F      G
               +---------+---------+-------+---------+---------+-------+---------
         Total |       0 |     227 |   0.0 |       0 |      63 |   0.0 |  3430
               +---------+---------+-------+---------+---------+-------+---------
           D:1 |       0 |      18 |   0.0 |       0 |      10 |   0.0 |   772
           D:2 |       0 |      80 |   0.0 |       0 |      24 |   0.0 |  1374
           D:3 |       0 |      88 |   0.0 |       0 |      28 |   0.0 |   766
           D:4 |       0 |      41 |   0.0 |       0 |       1 |   0.0 |   518
               +---------+---------+-------+---------+---------+-------+---------
